| TOP OF THE 1ST |
|
Fort Wayne TinCaps batting - Pitching for Dayton Dragons : LHP Ed Chavez
|
|
Pitching: LHP Ed Chavez
|
|
|
Batting: SHB Adam Martin
|
0-0: Called Strike 0-1: Ball 1-1: Foul Ball, location: 2F 1-2: Foul Ball, location: 2F 1-2: Strikes out swinging
|
|
Batting: RHB Rodolfo Rivera
|
0-0: Swinging Strike 0-1: Called Strike 0-2: Ball 1-2: Foul Ball, location: 2F 1-2: Ball 2-2: Ball 3-2: Ground out 5-3 (Groundball, 5S, EV 87.5 MPH)
|
|
Batting: SHB Josh Parker
|
0-0: Ball 1-0: Called Strike 1-1: SINGLE (Line Drive, 8RM, EV 100.6 MPH)
|
|
Batting: RHB Davey Verhoog
|
0-0: Ball 1-0: SINGLE (Groundball, 34D, EV 97.5 MPH) Josh Parker to second Runner from 2nd tries for 3rd, SAFE, throw by RF made to third Davey Verhoog to second
|
|
Batting: RHB Mike Maserang
|
0-0: Called Strike 0-1: Fly out, F8 (Line Drive, 8RM, EV 91.2 MPH)
|
| Top of the 1st over - 0 runs, 2 hits, 0 errors, 2 left on base; Fort Wayne 0 - Dayton 0 |
| BOTTOM OF THE 1ST |
|
Dayton Dragons batting - Pitching for Fort Wayne TinCaps : LHP Blaine Whitmore
|
|
Pitching: LHP Blaine Whitmore
|
|
|
Batting: RHB Bruno André
|
0-0: Called Strike 0-1: Ball 1-1: Fly out, F7 (Flyball, 7LM, EV 86.9 MPH)
|
|
Batting: RHB Mark Williams
|
0-0: Fly out, F8 (Flyball, 8LS, EV 86.9 MPH)
|
|
Batting: LHB Leo Gomez
|
0-0: Called Strike 0-1: Ball 1-1: Ball 2-1: Ground out 6-3 (Groundball, 6S, EV 86.9 MPH)
|
| Bottom of the 1st over - 0 runs, 0 hits, 0 errors, 0 left on base; Fort Wayne 0 - Dayton 0 |
| TOP OF THE 2ND |
|
Fort Wayne TinCaps batting - Pitching for Dayton Dragons : LHP Ed Chavez
|
|
Batting: RHB Brian Burd
|
0-0: Bunt missed! 0-1: Ball 1-1: Ground out 1-3 (Groundball, 13S, EV 66.2 MPH)
|
|
Batting: LHB Mike Schermerhorn
|
0-0: Ball 1-0: Swinging Strike 1-1: Fly out, F9 (Flyball, 9, EV 88.1 MPH)
|
|
Batting: LHB James Sousa
|
0-0: Foul Ball, location: 2F 0-1: Foul Ball, location: 2F 0-2: Fly out, F5 (Flyball, 5D, EV 86.2 MPH)
|
| Top of the 2nd over - 0 runs, 0 hits, 0 errors, 0 left on base; Fort Wayne 0 - Dayton 0 |
| BOTTOM OF THE 2ND |
|
Dayton Dragons batting - Pitching for Fort Wayne TinCaps : LHP Blaine Whitmore
|
|
Batting: RHB Ben Hinman
|
0-0: Called Strike 0-1: Ball 1-1: Ball 2-1: Ground out 6-3 (Groundball, 6MD, EV 88.8 MPH)
|
|
Batting: RHB Jonathan Davis
|
0-0: Ball 1-0: Ground out 6-3 (Groundball, 6, EV 96.9 MPH)
|
|
Batting: LHB Matt Kennedy
|
0-0: Ball 1-0: Swinging Strike 1-1: Foul Ball, location: 2F 1-2: Strikes out swinging
|
| Bottom of the 2nd over - 0 runs, 0 hits, 0 errors, 0 left on base; Fort Wayne 0 - Dayton 0 |
| TOP OF THE 3RD |
|
Fort Wayne TinCaps batting - Pitching for Dayton Dragons : LHP Ed Chavez
|
|
Batting: RHB Nelson Trujillo
|
0-0: Called Strike 0-1: Foul Ball, location: 2F 0-2: SOLO HOME RUN (Flyball, 78XD, EV 106.2 MPH), Distance : 389 ft
|
|
Batting: SHB Adam Martin
|
0-0: Ball 1-0: Ball 2-0: Ball 3-0: Called Strike 3-1: Called Strike 3-2: Ground out 4-3 (Groundball, 4M, EV 85.0 MPH)
|
|
Batting: RHB Rodolfo Rivera
|
0-0: Ball 1-0: DOUBLE (Flyball, 8LD, EV 100.0 MPH)
|
|
Batting: SHB Josh Parker
|
0-0: Ball 1-0: Ball 2-0: Ball 3-0: Called Strike 3-1: SINGLE (Line Drive, 89S, EV 110.0 MPH) Rodolfo Rivera to third Runner from 3rd tries for Home, SAFE, throw by RF to home
|
|
Batting: RHB Davey Verhoog
|
0-0: Called Strike 0-1: Ball 1-1: Foul Ball, location: 2F 1-2: Ball 2-2: Strikes out swinging
|
|
Batting: RHB Mike Maserang
|
0-0: Called Strike 0-1: Ball 1-1: Foul Ball, location: 2F 1-2: Ball 2-2: Foul Ball, location: 2F 2-2: DOUBLE (Line Drive, 8RXD, EV 105.6 MPH) Josh Parker to third Runner from 3rd tries for Home, SAFE, no throw by CF
|
|
Batting: RHB Brian Burd
|
0-0: Hit by Pitch
|
|
Pinch Runner at 1st Rich Justice:
|
|
|
Batting: LHB Mike Schermerhorn
|
0-0: Called Strike 0-1: Foul Ball, location: 2F 0-2: SINGLE (Groundball, 4MD, EV 106.2 MPH) Mike Maserang to third Rich Justice to second Runner from 3rd tries for Home, SAFE, throw by CF to home
|
|
Batting: LHB James Sousa
|
0-0: Hit by Pitch Rich Justice to third Mike Schermerhorn to second
|
|
Batting: RHB Nelson Trujillo
|
0-0: Swinging Strike 0-1: Fly out, F8 (Flyball, 8RM, EV 91.9 MPH)
|
| Top of the 3rd over - 4 runs, 5 hits, 0 errors, 3 left on base; Fort Wayne 4 - Dayton 0 |
| BOTTOM OF THE 3RD |
|
Dayton Dragons batting - Pitching for Fort Wayne TinCaps : LHP Blaine Whitmore
|
|
Now at 3B: Rich Justice
|
|
|
Batting: RHB John Galluzzo
|
0-0: SINGLE (Flyball, 6MD, EV 93.1 MPH)
|
|
Batting: RHB Pat Grover
|
0-0: Foul Ball, location: 2F 0-1: Ball 1-1: Swinging Strike 1-2: Foul Ball, location: 2F 1-2: Grounds into double play, 6-4-3 (Groundball, 6, EV 92.5 MPH)
|
|
Batting: RHB Tim Walter
|
0-0: Ball 1-0: Ball 2-0: Foul Ball, location: 2F 2-1: Called Strike 2-2: SINGLE (Groundball, 6MD, EV 93.8 MPH)
|
|
Batting: RHB Bruno André
|
0-0: Called Strike 0-1: Fly out, F8 (Flyball, 89D, EV 94.4 MPH)
|
| Bottom of the 3rd over - 0 runs, 2 hits, 0 errors, 1 left on base; Fort Wayne 4 - Dayton 0 |
| TOP OF THE 4TH |
|
Fort Wayne TinCaps batting - Pitching for Dayton Dragons : LHP Ed Chavez
|
|
Batting: SHB Adam Martin
|
0-0: Ball 1-0: Ground out 1-3 (Groundball, 13S, EV 70.0 MPH)
|
|
Batting: RHB Rodolfo Rivera
|
0-0: Ball 1-0: Fly out, F9 (Flyball, 89M, EV 89.4 MPH)
|
|
Batting: SHB Josh Parker
|
0-0: Ball 1-0: Swinging Strike 1-1: SINGLE (Line Drive, 9, EV 91.9 MPH)
|
|
Batting: RHB Davey Verhoog
|
0-0: Called Strike 0-1: Called Strike 0-2: Strikes out looking
|
| Top of the 4th over - 0 runs, 1 hit, 0 errors, 1 left on base; Fort Wayne 4 - Dayton 0 |
| BOTTOM OF THE 4TH |
|
Dayton Dragons batting - Pitching for Fort Wayne TinCaps : LHP Blaine Whitmore
|
|
Batting: RHB Mark Williams
|
0-0: Ball 1-0: Ball 2-0: SINGLE (Groundball, 4S, EV 63.1 MPH) (infield hit)
|
|
Batting: LHB Leo Gomez
|
0-0: Called Strike Mark Williams steals 2nd base 0-1: Swinging Strike 0-2: Strikes out swinging
|
|
Batting: RHB Ben Hinman
|
0-0: Ball 1-0: Ball 2-0: Ground out 6-3 (Groundball, 6, EV 103.1 MPH)
|
|
Batting: RHB Jonathan Davis
|
0-0: SINGLE (Line Drive, 34, EV 109.4 MPH) Mark Williams to third Runner from 3rd tries for Home, SAFE, throw by RF to home Jonathan Davis to second
|
|
Batting: LHB Matt Kennedy
|
0-0: Swinging Strike 0-1: Ball 1-1: Swinging Strike 1-2: Fly out, F8 (Flyball, 8RM, EV 87.5 MPH)
|
| Bottom of the 4th over - 1 run, 2 hits, 0 errors, 1 left on base; Fort Wayne 4 - Dayton 1 |
| TOP OF THE 5TH |
|
Fort Wayne TinCaps batting - Pitching for Dayton Dragons : LHP Ed Chavez
|
|
Batting: RHB Mike Maserang
|
0-0: Ground out 5-3 (Groundball, 56S, EV 61.9 MPH)
|
|
Batting: RHB Rich Justice
|
0-0: Ground out U3 (Groundball, 3, EV 88.1 MPH)
|
|
Batting: LHB Mike Schermerhorn
|
0-0: Ball 1-0: Fly out, F6 (Line Drive, 6, EV 76.2 MPH)
|
| Top of the 5th over - 0 runs, 0 hits, 0 errors, 0 left on base; Fort Wayne 4 - Dayton 1 |
| BOTTOM OF THE 5TH |
|
Dayton Dragons batting - Pitching for Fort Wayne TinCaps : LHP Blaine Whitmore
|
|
Batting: RHB John Galluzzo
|
0-0: Ball 1-0: Called Strike 1-1: Foul Ball, location: 2F 1-2: Ground out U3 (Groundball, 34, EV 104.4 MPH)
|
|
Batting: RHB Pat Grover
|
0-0: Ball 1-0: Ball 2-0: Called Strike 2-1: Foul Ball, location: 2F 2-2: Strikes out looking
|
|
Batting: RHB Tim Walter
|
0-0: Called Strike 0-1: Called Strike 0-2: Ball 1-2: Ball 2-2: Ball 3-2: Foul Ball, location: 2F 3-2: Foul Ball, location: 2F 3-2: SINGLE (Line Drive, 5D, EV 108.1 MPH)
|
|
Batting: RHB Bruno André
|
0-0: Called Strike Tim Walter steals 2nd base 0-1: 2-RUN HOME RUN (Line Drive, 7D, EV 100.0 MPH), Distance : 379 ft
|
|
Batting: RHB Mark Williams
|
0-0: Called Strike 0-1: SINGLE (Groundball, 5S, EV 68.8 MPH) (infield hit)
|
|
Batting: LHB Leo Gomez
|
0-0: Called Strike 0-1: Called Strike Mark Williams is caught stealing 2nd base 2-6
|
| Bottom of the 5th over - 2 runs, 3 hits, 0 errors, 0 left on base; Fort Wayne 4 - Dayton 3 |
| TOP OF THE 6TH |
|
Fort Wayne TinCaps batting - Pitching for Dayton Dragons : LHP Ed Chavez
|
|
Batting: LHB James Sousa
|
0-0: Ball 1-0: DOUBLE (Line Drive, 89M, EV 99.4 MPH)
|
|
Batting: RHB Nelson Trujillo
|
0-0: Called Strike 0-1: Hit by Pitch
|
|
Batting: SHB Adam Martin
|
0-0: Swinging Strike 0-1: Foul Ball, location: 2F 0-2: Ball 1-2: Ball 2-2: Foul Ball, location: 2F 2-2: Ball 3-2: Strikes out swinging
|
|
Batting: RHB Rodolfo Rivera
|
0-0: Swinging Strike 0-1: Foul Ball, location: 2F 0-2: Ball Wild Pitch! James Sousa to third Nelson Trujillo to second 1-2: Ball 2-2: Ball 3-2: Base on Balls
|
|
Batting: SHB Josh Parker
|
0-0: Called Strike 0-1: Ball 1-1: SINGLE (Line Drive, 8RS, EV 106.9 MPH) James Sousa scores Nelson Trujillo to third Rodolfo Rivera to second
|
|
Pitching: RHP Adam McCurdy
|
|
|
Batting: RHB Davey Verhoog
|
0-0: Ball 1-0: Ball 2-0: Foul Ball, location: 2F 2-1: Fly out, F7 (Flyball, 7LD, EV 105.0 MPH) Runner from 3rd tags up, SCORES, no throw by LF
|
|
Batting: RHB Mike Maserang
|
0-0: Ball 1-0: Foul Ball, location: 2F 1-1: Foul Ball, location: 2F 1-2: DOUBLE (Flyball, 8LD, EV 98.8 MPH) Rodolfo Rivera scores Josh Parker to third
|
|
Batting: RHB Rich Justice
|
0-0: Ball 1-0: Called Strike 1-1: Called Strike 1-2: Ball 2-2: Ball 3-2: Strikes out swinging
|
| Top of the 6th over - 3 runs, 3 hits, 0 errors, 2 left on base; Fort Wayne 7 - Dayton 3 |
| BOTTOM OF THE 6TH |
|
Dayton Dragons batting - Pitching for Fort Wayne TinCaps : LHP Blaine Whitmore
|
|
Batting: LHB Leo Gomez
|
0-0: Swinging Strike 0-1: Fly out, F9 (Line Drive, 9D, EV 86.9 MPH)
|
|
Batting: RHB Ben Hinman
|
0-0: Ball 1-0: SINGLE (Groundball, 34, EV 108.1 MPH)
|
|
Batting: RHB Jonathan Davis
|
0-0: Called Strike 0-1: SINGLE (Flyball, 8RS, EV 95.0 MPH) Ben Hinman to second
|
|
Batting: LHB Matt Kennedy
|
0-0: Called Strike 0-1: Fly out, F7 (Line Drive, 7, EV 96.2 MPH)
|
|
Batting: RHB John Galluzzo
|
0-0: Fly out, F9 (Flyball, 89M, EV 93.1 MPH)
|
| Bottom of the 6th over - 0 runs, 2 hits, 0 errors, 2 left on base; Fort Wayne 7 - Dayton 3 |
| TOP OF THE 7TH |
|
Fort Wayne TinCaps batting - Pitching for Dayton Dragons : RHP Adam McCurdy
|
|
Pitching: RHP Joe Green
|
|
|
Batting: LHB Mike Schermerhorn
|
0-0: Called Strike 0-1: Ball 1-1: Called Strike 1-2: Ground out 6-3 (Groundball, P, EV 85.6 MPH)
|
|
Batting: LHB James Sousa
|
0-0: Called Strike 0-1: Swinging Strike 0-2: Foul Ball, location: 2F 0-2: Ball 1-2: Foul Ball, location: 2F 1-2: Ball 2-2: Fly out, F9 (Flyball, 9LM, EV 85.0 MPH)
|
|
Batting: RHB Nelson Trujillo
|
0-0: Fly out, F9 (Flyball, 9S, EV 73.8 MPH)
|
| Top of the 7th over - 0 runs, 0 hits, 0 errors, 0 left on base; Fort Wayne 7 - Dayton 3 |
| BOTTOM OF THE 7TH |
|
Dayton Dragons batting - Pitching for Fort Wayne TinCaps : LHP Blaine Whitmore
|
|
Batting: RHB Pat Grover
|
0-0: Ball 1-0: SINGLE (Line Drive, 8LS, EV 105.0 MPH)
|
|
Batting: RHB Tim Walter
|
0-0: Foul Ball, location: 2F 0-1: Ball 1-1: Bunt missed! 1-2: Ball 2-2: Ball 3-2: Base on Balls Pat Grover to second
|
|
Pitching: RHP Roman Baines
|
|
|
Batting: RHB Bruno André
|
0-0: Bunted foul 0-1: Sac Bunt to 2L - play at first, batter OUT! 2-4 Pat Grover to third Tim Walter to second
|
|
Batting: RHB Mark Williams
|
0-0: Ball 1-0: Foul Ball, location: 2F 1-1: Ground out 6-3 (Groundball, 6, EV 85.0 MPH) Pat Grover scores Tim Walter to third
|
|
Batting: LHB Leo Gomez
|
0-0: Ball 1-0: Ball 2-0: Foul Ball, location: 2F 2-1: Ground out 5-3 (Groundball, 5, EV 95.6 MPH)
|
| Bottom of the 7th over - 1 run, 1 hit, 0 errors, 1 left on base; Fort Wayne 7 - Dayton 4 |
| TOP OF THE 8TH |
|
Fort Wayne TinCaps batting - Pitching for Dayton Dragons : RHP Joe Green
|
|
Pitching: RHP Doug Elliott
|
|
|
Batting: SHB Adam Martin
|
0-0: Ball 1-0: Ball 2-0: Called Strike 2-1: Ball 3-1: Base on Balls
|
|
Batting: RHB Rodolfo Rivera
|
0-0: Called Strike 0-1: Ball 1-1: Sac Bunt to 2L - play at first, batter OUT! 2-4 Adam Martin to second
|
|
Batting: SHB Josh Parker
|
0-0: Ball 1-0: Ball 2-0: Ball 3-0: Base on Balls
|
|
Batting: RHB Davey Verhoog
|
0-0: Ball 1-0: Ball 2-0: Ball 3-0: Called Strike 3-1: Base on Balls Adam Martin to third Josh Parker to second
|
|
Batting: RHB Mike Maserang
|
0-0: Called Strike 0-1: Called Strike 0-2: Foul Ball, location: 2F 0-2: Ball 1-2: Ball 2-2: Foul Ball, location: 2F 2-2: Foul Ball, location: 2F 2-2: Ball 3-2: Strikes out swinging
|
|
Pitching: LHP Tim Ketcham
|
|
|
Batting: RHB Rich Justice
|
0-0: Called Strike 0-1: Ball 1-1: Ball 2-1: Ball 3-1: Base on Balls Adam Martin scores Josh Parker to third Davey Verhoog to second
|
|
Batting: LHB Mike Schermerhorn
|
0-0: Ball 1-0: Foul Ball, location: 2F 1-1: Called Strike 1-2: Ball 2-2: Foul Ball, location: 2F 2-2: Foul Ball, location: 2F 2-2: Foul Ball, location: 2F 2-2: Foul Ball, location: 2F 2-2: Foul Ball, location: 2F 2-2: Single, Error in OF, E9, batter to second base (Groundball, 3D, EV 105.6 MPH) Josh Parker scores Davey Verhoog scores Rich Justice to third
|
|
Batting: LHB James Sousa
|
0-0: Foul Ball, location: 2F 0-1: Swinging Strike 0-2: Ball 1-2: Ball 2-2: Strikes out swinging
|
| Top of the 8th over - 3 runs, 1 hit, 1 error, 2 left on base; Fort Wayne 10 - Dayton 4 |
| BOTTOM OF THE 8TH |
|
Dayton Dragons batting - Pitching for Fort Wayne TinCaps : RHP Roman Baines
|
|
Pinch Hitting: SHB Kristian Kristensen
|
0-0: Ball 1-0: Swinging Strike 1-1: SINGLE (Groundball, 6D, EV 109.4 MPH)
|
|
Batting: RHB Jonathan Davis
|
0-0: Foul Ball, location: 2F 0-1: Ball 1-1: Foul Ball, location: 2F 1-2: Fly out, F8 (Flyball, 8LD, EV 106.9 MPH)
|
|
Batting: LHB Matt Kennedy
|
0-0: Swinging Strike 0-1: Ball 1-1: Ball 2-1: Ball 3-1: Base on Balls Kristian Kristensen to second
|
|
Batting: RHB John Galluzzo
|
0-0: Ball 1-0: Called Strike 1-1: Ball 2-1: Ball 3-1: SINGLE (Groundball, 5D, EV 108.8 MPH) Kristian Kristensen to third Matt Kennedy to second Runner from 3rd tries for Home, throw by LF and OUT! 7-2
|
|
Batting: RHB Pat Grover
|
0-0: Called Strike 0-1: Ball 1-1: Ball 2-1: Ball 3-1: Base on Balls Matt Kennedy to third John Galluzzo to second
|
|
Batting: RHB Tim Walter
|
0-0: Reached on error, E4 (Groundball, 4, EV 100.6 MPH) Matt Kennedy scores John Galluzzo to third Pat Grover to second
|
|
Batting: RHB Bruno André
|
0-0: Swinging Strike 0-1: Called Strike 0-2: Ball 1-2: Foul Ball, location: 2F 1-2: SINGLE (Groundball, 4MD, EV 96.2 MPH) John Galluzzo scores Pat Grover to third Tim Walter to second Runner from 3rd tries for Home, SAFE, throw by CF to home
|
|
Pitching: RHP Eddie Starks
|
|
|
Batting: RHB Mark Williams
|
0-0: Ball 1-0: Foul Ball, location: 2F 1-1: SINGLE (Line Drive, 8LS, EV 99.4 MPH) Tim Walter to third Bruno André to second Runner from 3rd tries for Home, SAFE, throw by CF to home
|
|
Batting: LHB Leo Gomez
|
0-0: Ball 1-0: Called Strike 1-1: Ball 2-1: Ball 3-1: Foul Ball, location: 2F 3-2: Strikes out swinging
|
| Bottom of the 8th over - 4 runs, 4 hits, 1 error, 2 left on base; Fort Wayne 10 - Dayton 8 |
| TOP OF THE 9TH |
|
Fort Wayne TinCaps batting - Pitching for Dayton Dragons : LHP Tim Ketcham
|
|
Now at 1B: Frank Moron
|
|
|
Batting: RHB Nelson Trujillo
|
0-0: Swinging Strike 0-1: Foul Ball, location: 2F 0-2: Strikes out swinging
|
|
Batting: SHB Adam Martin
|
0-0: Ground out 4-3 (Groundball, 4, EV 79.4 MPH)
|
|
Batting: RHB Rodolfo Rivera
|
0-0: Foul Ball, location: 2F 0-1: Ball 1-1: Swinging Strike 1-2: Foul Ball, location: 2F 1-2: Fly out, F7 (Flyball, 7LM, EV 105.0 MPH)
|
| Top of the 9th over - 0 runs, 0 hits, 0 errors, 0 left on base; Fort Wayne 10 - Dayton 8 |
| BOTTOM OF THE 9TH |
|
Dayton Dragons batting - Pitching for Fort Wayne TinCaps : RHP Eddie Starks
|
|
Pitching: RHP Arturo Diaz
|
|
|
Batting: RHB Frank Moron
|
0-0: Called Strike 0-1: Called Strike 0-2: Ball 1-2: Strikes out swinging
|
|
Pinch Hitting: LHB Andrew Hamm
|
0-0: Called Strike 0-1: Ball 1-1: Ball 2-1: Ball 3-1: Base on Balls
|
|
Batting: LHB Matt Kennedy
|
0-0: Called Strike 0-1: Called Strike 0-2: Ball 1-2: Strikes out swinging
|
|
Batting: RHB John Galluzzo
|
0-0: Ball 1-0: SINGLE (Groundball, 4MD, EV 98.8 MPH) Andrew Hamm to second
|
|
Batting: RHB Pat Grover
|
0-0: Ball Wild Pitch! Andrew Hamm to third John Galluzzo to second 1-0: Foul Ball, location: 2F 1-1: SINGLE (Groundball, 34D, EV 101.9 MPH) Andrew Hamm scores John Galluzzo to third Runner from 3rd tries for Home, SAFE, throw by RF to home
|
|
Batting: RHB Tim Walter
|
0-0: Called Strike 0-1: Ball 1-1: Ball 2-1: Foul Ball, location: 2F 2-2: Ball 3-2: Fly out, F8 (Flyball, 78M, EV 83.8 MPH)
|
| Bottom of the 9th over - 2 runs, 2 hits, 0 errors, 1 left on base; Fort Wayne 10 - Dayton 10 |
| TOP OF THE 10TH |
|
Fort Wayne TinCaps batting - Pitching for Dayton Dragons : LHP Tim Ketcham
|
|
Now at 1B: Andrew Hamm
|
|
|
Now at 3B: Frank Moron
|
|
|
Batting: SHB Josh Parker
|
0-0: Swinging Strike 0-1: SINGLE (Groundball, 6MD, EV 104.4 MPH)
|
|
Batting: RHB Davey Verhoog
|
0-0: Foul Ball, location: 2F 0-1: Ball 1-1: TRIPLE (Flyball, 78XD, EV 104.4 MPH) Josh Parker scores
|
|
Batting: RHB Mike Maserang
|
0-0: Called Strike 0-1: Ball 1-1: Ground out 6-3 (Groundball, 6, EV 82.5 MPH)
|
|
Batting: RHB Rich Justice
|
0-0: Intentional Walk
|
|
Pinch Hitting: RHB Melvin Villagomez
|
0-0: Ball Rich Justice is caught stealing 2nd base 2-4 1-0: Foul Ball, location: 2F 1-1: Foul Ball, location: 2F 1-2: Ball 2-2: Ball 3-2: Foul Ball, location: 2F 3-2: DOUBLE (Flyball, 8RXD, EV 111.2 MPH) Davey Verhoog scores
|
|
Batting: RHB Juan Martinez
|
0-0: Ball 1-0: Ball 2-0: Swinging Strike 2-1: Foul Ball, location: 2F 2-2: Ball 3-2: Base on Balls
|
|
Batting: RHB Nelson Trujillo
|
0-0: Ball 1-0: DOUBLE (Groundball, 5L, EV 104.4 MPH) Melvin Villagomez scores Juan Martinez to third Runner from 3rd tries for Home, SAFE, throw by LF to trailing runner, SAFE at third!
|
|
Pitching: RHP Justin Ambrose
|
|
|
Batting: SHB Adam Martin
|
0-0: 2-RUN HOME RUN (Flyball, 9D, EV 97.5 MPH), Distance : 377 ft
|
|
Batting: RHB Rodolfo Rivera
|
0-0: Ball 1-0: SINGLE (Line Drive, 56, EV 100.0 MPH)
|
|
Batting: SHB Josh Parker
|
0-0: Fly out, F7 (Flyball, 7, EV 96.2 MPH)
|
| Top of the 10th over - 6 runs, 6 hits, 0 errors, 1 left on base; Fort Wayne 16 - Dayton 10 |
| BOTTOM OF THE 10TH |
|
Dayton Dragons batting - Pitching for Fort Wayne TinCaps : RHP Arturo Diaz
|
|
Pitching: RHP Zach Monlux
|
|
|
Now at 2B: Angel Mejia
|
|
|
Now in RF: Adam Martin
|
|
|
Batting: RHB Bruno André
|
0-0: Swinging Strike 0-1: SOLO HOME RUN (Flyball, 7LD, EV 95.0 MPH), Distance : 356 ft
|
|
Batting: RHB Mark Williams
|
0-0: Ball 1-0: Called Strike 1-1: SINGLE (Flyball, 56D, EV 86.9 MPH)
|
|
Batting: LHB Leo Gomez
|
0-0: Called Strike 0-1: Fielders Choice at 2nd, 5-4 (Groundball, 5, EV 106.9 MPH)
|
|
Batting: RHB Frank Moron
|
0-0: Foul Ball, location: 2F 0-1: Ball 1-1: Ball 2-1: Fly out, F5 (Popup, 5S, EV 71.9 MPH)
|
|
Batting: LHB Andrew Hamm
|
0-0: Called Strike 0-1: Ball 1-1: Foul Ball, location: 2F 1-2: Reached on error, E6 (Groundball, 6S, EV 87.5 MPH) Leo Gomez to third
|
|
Batting: LHB Matt Kennedy
|
0-0: Called Strike 0-1: Hit by Pitch
|
|
Batting: RHB John Galluzzo
|
0-0: Ball 1-0: Swinging Strike 1-1: Ball 2-1: Ball 3-1: Called Strike 3-2: Fly out, F5 (Popup, 5SF, EV 75.6 MPH)
|
| Bottom of the 10th over - 1 run, 2 hits, 1 error, 3 left on base; Fort Wayne 16 - Dayton 11 |
|